Map: Tokamak LE

Players

Hungry

  • Race: Zerg Zerg
  • League: Diamond
  • Spawn Location: 7:00

SharkBait - Winner!

  • Race: Zerg Zerg
  • League: Master
  • Spawn Location: 1:00

VOD

Have the link to the VOD?

Description

Time

  • Played on: Oct. 29, 2025, 3:08 p.m.
  • Length: 6:21
Show
View Real Time Build Order
Export as new Build Order

Hungry Zerg 

Build Orders: Hatch First 

Get SALT Encoding   

  12  0:00  Drone  
  13  0:09  Drone  
  14  0:15  Extractor  
  14  0:16  Drone  
  15  0:37  Hatchery  
  15  0:41  Extractor, Drone  
  15  0:46  Overlord  
  15  1:01  Spawning Pool  
  14  1:05  Drone  
  14  1:08  Drone  
  16  1:12  Drone  
  16  1:16  Extractor  
  16  1:18  Drone  
  17  1:26  Drone  
  18  1:38  Drone  
  19  1:48  Queen  
  19  1:49  Queen  
  19  1:51  Zergling x2  
  24  1:57  Overlord  
  24  2:03  Drone x2  
  26  2:10  Drone  
  27  2:20  Drone  
  28  2:24  Drone x2  
  28  2:28  Lair  
  30  2:33  Drone x2  
  32  2:42  Overlord  
  32  2:45  Drone  
  32  2:53  Overlord  
  32  2:56  Queen  
  34  3:01  Drone x3  
  34  3:02  Evolution Chamber  
  36  3:07  Overlord  
  36  3:12  Drone  
  37  3:17  Spine Crawler  
  36  3:24  Drone x2  
  36  3:26  Overseer  
  38  3:27  Roach Warren  
  38  3:28  Overlord  
  38  3:33  Zerg Missile Weapons Level 1  
  37  3:41  Drone x4  
  41  3:54  Overlord  
  41  4:06  Extractor, Drone x5  
  41  4:07  Drone  
  41  4:08  Extractor  
  45  4:10  Glial Reconstitution  
  45  4:11  Drone x2  
  47  4:18  Roach  
  47  4:21  Roach  
  51  4:26  Hatchery  
  51  4:28  Roach  
  52  4:36  Roach x3  
  58  4:38  Overlord x2  
  58  4:46  Roach x2  
  58  4:49  Roach  
  58  4:50  Roach  
  58  4:52  Overlord  
  66  4:58  Roach x3  
  72  5:04  Roach  
  72  5:05  Roach  
  76  5:12  Roach  
  78  5:21  Roach x4  
  86  5:23  Overlord x2  
  86  5:31  Drone  
  87  5:36  Overlord x2  
  89  5:43  Roach  
  89  5:45  Spore Crawler  
  89  5:46  Spore Crawler  
  87  5:59  Roach x6  
Show
View Real Time Build Order
Export as new Build Order

SharkBait Zerg - Winner!

Build Orders: Hatch First 

Get SALT Encoding   

  12  0:00  Drone  
  13  0:08  Drone  
  14  0:14  Extractor, Drone  
  15  0:22  Overlord  
  15  0:46  Drone, Hatchery  
  15  0:49  Drone  
  16  0:53  Drone  
  17  0:59  Drone  
  17  1:01  Extractor  
  17  1:14  Spawning Pool  
  17  1:17  Drone  
  17  1:20  Drone  
  18  1:29  Drone  
  19  1:43  Drone  
  20  1:50  Overlord  
  20  1:58  Drone  
  20  2:00  Queen x2  
  25  2:04  Drone  
  26  2:08  Drone  
  26  2:14  Spine Crawler  
  26  2:16  Drone  
  26  2:19  Drone  
  28  2:23  Drone  
  28  2:29  Overlord  
  29  2:33  Drone  
  30  2:40  Drone  
  32  2:44  Drone  
  32  2:53  Lair  
  32  2:57  Evolution Chamber  
  31  2:59  Evolution Chamber  
  31  3:00  Evolution Chamber  
  31  3:02  Overlord  
  29  3:08  Extractor, Drone  
  29  3:09  Extractor, Drone x2  
  29  3:12  Drone  
  31  3:14  Drone  
  31  3:16  Drone  
  31  3:19  Drone  
  34  3:23  Extractor  
  34  3:24  Drone  
  34  3:26  Drone  
  35  3:35  Overlord, Drone  
  35  3:36  Drone  
  35  3:39  Drone  
  38  3:43  Drone  
  38  3:46  Drone  
  38  3:48  Drone  
  41  3:54  Drone x2  
  41  3:55  Drone  
  44  4:03  Spire  
  44  4:05  Drone  
  44  4:14  Drone x3  
  44  4:15  Drone  
  44  4:16  Drone  
  49  4:19  Drone x2  
  49  4:23  Zerg Melee Weapons Level 1  
  51  4:41  Queen, Hatchery  
  51  4:43  Overlord  
  52  4:46  Overlord  
  52  4:49  Overlord  
  52  4:52  Overlord  
  52  5:02  Metabolic Boost  
  52  5:08  Mutalisk  
  52  5:09  Mutalisk x3  
  52  5:11  Mutalisk  
  62  5:14  Mutalisk  
  62  5:17  Mutalisk  
  62  5:21  Mutalisk  
  66  5:23  Mutalisk  
  66  5:26  Mutalisk  
  72  5:32  Mutalisk  
  74  5:41  Zergling x6  
  74  5:42  Zergling x6  
  80  5:43  Zergling x2  
  80  5:45  Zergling x2  
  82  5:54  Zergling x4  
  82  5:55  Mutalisk x2  
  88  5:58  Zergling x2  
Tags
 
Add a new tag
Caveats
  • Supply blocks, unpowered buildings, or Contaminate may cause inaccurate times.
  • Supply counts are checked every 10 seconds.